 Dungeon Crawl Stone Soup version 0.21.1-74-g47da925 (webtiles) character file.

138 wojtek the Conjurer (level 5, -1/35 HPs)
             Began as a Demonspawn Wizard on Aug 10, 2018.
             Slain by a river rat (6 damage)
             ... in a sewer.
             The game lasted 00:09:02 (3811 turns).

wojtek the Conjurer (Demonspawn Wizard)             Turns: 3811, Time: 00:09:03

Health: -1/35      AC:  2    Str:  7    XL:     5   Next: 1%
Magic:  0/9        EV: 12    Int: 20    God:
Gold:   124        SH:  0    Dex: 12    Spells: 4/10 levels left

rFire    . . .     SeeInvis .   e - +0 club
rCold    . . .     Gourm    .   (no shield)
rNeg     . . .     Faith    .   a - +0 robe
rPois    .         Spirit   .   b - +0 hat
rElec    .         Reflect  .   (no cloak)
rCorr    .         Harm     .   (no gloves)
MR       .....                  (no boots)
Stlth    ++........             (no amulet)
HPRegen  0.11/turn              (no ring)
MPRegen  0.11/turn              (no ring)

@: very slightly contaminated
A: claws 1, horns 1, talons 1
a: no special abilities


You were in a sewer.
You were not hungry.

You visited 1 branch of the dungeon, and saw 3 of its levels.
You also visited: Sewer.

You collected 124 gold pieces.

Inventory:

Hand Weapons
 e - a +0 club (weapon)
Armour
 a - a +0 robe (worn)
 b - a +0 hat (worn)
Wands
 u - a wand of disintegration (19)
Scrolls
 g - a scroll of enchant weapon {unknown}
 i - a scroll of fear {unknown}
 j - a scroll of identify {unknown}
 m - a scroll of blinking {unknown}
 q - a scroll of magic mapping {unknown}
 r - 2 scrolls of random uselessness {unknown}
 s - 3 scrolls of teleportation {unknown}
 v - a scroll of enchant armour {unknown}
Potions
 f - a potion of agility {unknown}
 h - 4 potions of curing {unknown}
 k - a potion of lignification {unknown}
 l - a potion of ambrosia {unknown}
 n - a potion of heal wounds {unknown}
 o - a potion of invisibility {unknown}
 t - 2 potions of brilliance {unknown}
Books
 c - a book of Minor Magic

   Spells                             Type                      Level
   a - Magic Dart                     Conjuration                  1
   b - Blink                          Translocation                2
   c - Call Imp                       Summoning                    2
   d - Slow                           Hexes                        2
   e - Conjure Flame                  Conjuration/Fire             3
   f - Mephitic Cloud                 Conjuration/Poison/Air       3
Comestibles
 d - 4 rations
 p - 3 chunks of flesh


   Skills:
 - Level 1.7 Dodging
 - Level 1.7 Stealth
 - Level 3.0 Spellcasting
 + Level 4.9 Conjurations
 - Level 1.0 Summonings
   Level 0.8 Translocations


You had 4 spell levels left.
You knew the following spells:

 Your Spells              Type           Power        Failure   Level  Hunger
a - Magic Dart            Conj           ###.         1%          1    None
b - Call Imp              Summ           #.......     14%         2    ##.....
c - Mephitic Cloud        Conj/Pois/Air  #.......     22%         3    ###....


Dungeon Overview and Level Annotations

Branches:
Dungeon (3/15)

Altars:


Innate Abilities, Weirdness & Mutations

You have sharp fingernails.
You have a pair of small horns on your head.
You have sharp toenails.


Message History

You don't have enough magic to cast that spell.
Casting: Magic Dart
Confirm with . or Enter, or press ? or * to list all spells.
You don't have enough magic to cast that spell.
You hit the river rat but do no damage. The river rat bites you.
Casting: Magic Dart
Confirm with . or Enter, or press ? or * to list all spells.
You don't have enough magic to cast that spell.
You barely miss the river rat. Your headbutt misses the river rat.
The river rat bites you!
* * * LOW HITPOINT WARNING * * *
Casting: Magic Dart
Confirm with . or Enter, or press ? or * to list all spells.
A metallic apparition takes form in the air.
The river rat closely misses you.
You hit the river rat but do no damage. Your kick misses the river rat.
The river rat bites you.
* * * LOW HITPOINT WARNING * * *
The river rat bites you.
You die...

###
#@#
#r#
#5#
#.#
#∩#
#.#
#∩#
#.#
#.#


You could see a river rat and a friendly iron imp.

Vanquished Creatures
  6 adders
  2 worms
  2 dart slugs (D:1)
  6 leopard geckos
  7 orcs
  A ball python (D:1)
  4 giant cockroaches
  5 goblins
  5 hobgoblins
  3 jackals (D:3)
  A quokka (D:2)
  3 bats
  5 frilled lizards
  5 kobolds
  6 rats
61 creatures vanquished.

Vanquished Creatures (collateral kills)
  A worm (D:2)
1 creature vanquished.

Grand Total: 62 creatures vanquished

Notes
Turn   | Place    | Note
-------+----------+-------------------------------------------
     0 | D:1      | wojtek the Demonspawn Wizard began the quest for the Orb.
     0 | D:1      | Reached XP level 1. HP: 13/13 MP: 4/4
   456 | D:1      | Reached skill level 2 in Conjurations
   543 | D:1      | Gained mutation: You have sharp toenails. [demonic ancestry]
   543 | D:1      | Reached XP level 2. HP: 19/19 MP: 4/6
  1679 | D:1      | Learned a level 2 spell: Call Imp
  1846 | D:2      | Reached skill level 3 in Conjurations
  1946 | D:1      | Gained mutation: You have a pair of small horns on your head. [demonic ancestry]
  1946 | D:1      | Reached XP level 3. HP: 22/24 MP: 0/7
  2857 | D:2      | Gained mutation: You have sharp fingernails. [demonic ancestry]
  2857 | D:2      | Reached XP level 4. HP: 30/30 MP: 3/8
  2937 | D:2      | Reached skill level 4 in Conjurations
  3191 | D:3      | Learned a level 3 spell: Mephitic Cloud
  3251 | D:3      | Found a faded altar of an unknown god.
  3589 | D:3      | Found a glowing drain.
  3791 | Sewer    | Entered a sewer
  3794 | Sewer    | Reached XP level 5. HP: 29/35 MP: 2/9
  3811 | Sewer    | Slain by a river rat

Skill      XL: |  1  2  3  4 |
---------------+-------------+-----
Conjurations   | 2 3 4 |  4.9
Dodging        | |  1.7
Stealth        | |  1.7
Spellcasting   | |  3.0
Summonings     | |  1.0
Translocations | |  0.8

Action                   |  1- 3 |  4- 6 || total
-------------------------+-------+-------++-------
Melee: Club              |    19 |    20 ||    39
       Unarmed           |     4 |       ||     4
       Kick              |     3 |     2 ||     5
       Headbutt          |       |     3 ||     3
 Cast: Magic Dart        |    93 |    60 ||   153
       Call Imp          |     7 |     1 ||     8
       Mephitic Cloud    |       |     1 ||     1
  Eat: Chunk             |     6 |     3 ||     9
Armor: Robe              |     5 |     5 ||    10
Dodge: Dodged            |    16 |    26 ||    42
